Map: King Sejong Station LE

Players

Nerchio - Winner!

  • Race: Zerg Zerg
  • League: Master

Revolver

  • Race: Zerg Zerg
  • League: Master

Event: DreamHack ZOWIE Open Valencia 2016

VOD

Have the link to the VOD?

Description

Time

  • Played on: July 14, 2016, 12:16 p.m.
  • Length: 10:12

All games in this series

Show
View Real Time Build Order
Export as new Build Order

Nerchio Zerg - Winner!

Build Orders: Hatch First 

Get SALT Encoding   

  12  0:00  Drone  
  13  0:12  Overlord  
  13  0:17  Drone  
  14  0:30  Drone x2  
  14  0:34  Drone  
  17  0:52  Hatchery  
  17  0:55  Drone  
  17  1:09  Spawning Pool  
  17  1:11  Drone  
  17  1:14  Drone  
  17  1:17  Extractor  
  17  1:19  Drone  
  18  1:27  Drone  
  19  1:38  Overlord  
  19  1:55  Queen  
  19  1:56  Zergling x2  
  19  2:00  Zergling x2  
  23  2:03  Queen  
  23  2:04  Drone  
  26  2:12  Drone  
  26  2:15  Drone  
  28  2:16  Metabolic Boost  
  28  2:21  Drone  
  29  2:26  Drone  
  30  2:39  Hatchery  
  29  2:44  Baneling Nest  
  29  2:46  Drone  
  29  2:50  Drone  
  30  2:52  Drone x2  
  30  2:53  Drone  
  34  2:58  Overlord  
  34  3:05  Overlord  
  33  3:06  Drone  
  33  3:09  Drone  
  35  3:13  Drone  
  35  3:16  Overlord  
  35  3:19  Drone  
  36  3:21  Drone  
  36  3:23  Drone  
  36  3:25  Drone  
  39  3:31  Roach Warren  
  39  3:33  Drone  
  39  3:35  Drone  
  39  3:37  Extractor  
  39  3:39  Drone  
  39  3:41  Drone  
  41  3:45  Drone x2  
  43  3:49  Lair  
  43  3:52  Drone  
  43  3:53  Drone  
  45  3:58  Drone x2  
  47  4:06  Spine Crawler  
  46  4:12  Evolution Chamber  
  46  4:13  Drone  
  46  4:19  Roach x5  
  46  4:20  Roach  
  46  4:23  Roach  
  60  4:26  Roach  
  60  4:28  Overlord  
  60  4:31  Roach  
  64  4:33  Overlord  
  64  4:37  Extractor  
  63  4:43  Overlord  
  63  4:49  Glial Reconstitution  
  63  4:51  Drone  
  63  4:52  Roach x4  
  72  4:53  Roach  
  72  4:59  Drone x2  
  76  5:01  Roach  
  76  5:02  Roach  
  82  5:07  Roach  
  82  5:10  Overlord x2  
  82  5:11  Roach  
  84  5:23  Roach x2  
  84  5:28  Overlord x2  
  88  5:30  Overlord x2  
  88  5:31  Roach  
  88  5:32  Roach  
  88  5:34  Roach  
  94  5:36  Roach  
  96  5:44  Drone  
  96  5:45  Drone x4  
  96  5:47  Zerg Missile Weapons Level 1  
  96  5:48  Drone  
  102  5:53  Queen  
  102  5:55  Drone  
  102  5:56  Drone  
  106  5:58  Drone  
  106  5:59  Overseer  
  106  6:03  Drone x3  
  106  6:11  Roach  
  106  6:12  Roach  
  106  6:13  Roach x2  
  106  6:14  Roach  
  104  6:19  Roach  
  104  6:20  Roach x2  
  108  6:26  Drone  
  108  6:30  Evolution Chamber  
  108  6:32  Roach x3, Extractor x2  
  114  6:33  Roach x2  
  114  6:35  Drone x2  
  114  6:37  Drone  
  119  6:43  Overlord  
  119  6:47  Drone  
  119  6:48  Drone  
  119  6:51  Drone, Overlord  
  122  6:54  Overlord  
  122  6:56  Zerg Ground Armor Level 1  
  122  6:59  Overlord  
  122  7:00  Drone x2  
  124  7:02  Extractor  
  124  7:04  Drone  
  124  7:05  Roach x3  
  124  7:07  Roach, Ravager  
  133  7:10  Overlord  
  133  7:13  Roach  
  133  7:14  Roach, Ravager  
  138  7:25  Roach x4  
  138  7:27  Overlord  
  146  7:30  Roach  
  146  7:31  Roach x2  
  146  7:32  Roach  
  146  7:34  Roach  
  146  7:37  Overlord  
  156  7:39  Ravager  
  156  7:40  Ravager  
  156  7:41  Overlord x2  
  158  7:48  Zerg Missile Weapons Level 2  
  158  7:51  Roach  
  158  7:52  Roach  
  158  7:53  Roach  
  164  7:59  Roach x4  
  164  8:00  Roach  
  176  8:05  Roach  
  176  8:06  Roach x2  
  176  8:07  Roach  
  176  8:09  Roach  
  176  8:10  Roach  
  186  8:14  Roach x2  
  186  8:16  Roach  
  192  8:25  Overlord x3  
  192  8:27  Overlord  
  192  8:30  Overlord  
  192  8:31  Ravager  
  192  8:32  Ravager, Overlord  
  189  8:49  Roach  
  189  8:50  Roach x4, Hatchery  
  189  8:54  Roach x3  
  198  8:58  Roach x2  
  198  9:01  Roach x2  
  190  9:10  Roach x2  
  190  9:11  Roach  
  190  9:12  Roach x2  
  190  9:14  Roach  
  190  9:15  Roach  
  190  9:16  Roach  
  180  9:18  Roach  
  180  9:21  Roach  
  180  9:23  Roach  
  170  9:26  Roach x2  
  174  9:34  Roach  
  174  9:35  Roach  
  174  9:37  Roach  
  180  9:40  Overseer  
  180  9:43  Roach  
  169  9:47  Roach  
  169  9:49  Roach  
  169  9:50  Roach  
  169  9:51  Roach  
Show
View Real Time Build Order
Export as new Build Order

Revolver Zerg 

Build Orders: Hatch First 

Get SALT Encoding   

  12  0:01  Drone  
  13  0:12  Overlord  
  13  0:18  Drone  
  14  0:31  Drone x2  
  16  0:36  Drone  
  17  0:52  Hatchery  
  17  0:55  Drone  
  17  0:58  Drone  
  18  1:11  Extractor  
  17  1:15  Spawning Pool  
  17  1:18  Drone  
  17  1:21  Drone  
  18  1:28  Drone  
  19  1:40  Overlord  
  19  2:02  Queen  
  19  2:04  Drone x2, Queen  
  19  2:05  Drone  
  26  2:12  Drone  
  27  2:17  Drone  
  28  2:24  Drone  
  28  2:29  Drone  
  30  2:34  Drone  
  31  2:37  Drone  
  31  2:40  Lair  
  34  2:45  Evolution Chamber  
  34  2:50  Roach Warren  
  32  2:53  Overlord  
  32  2:58  Spore Crawler  
  32  3:04  Drone x2  
  32  3:05  Drone  
  31  3:10  Drone x3  
  35  3:15  Drone  
  35  3:16  Drone  
  35  3:18  Extractor  
  35  3:19  Drone x3  
  37  3:25  Zerg Missile Weapons Level 1  
  37  3:30  Drone x3  
  40  3:36  Overlord  
  40  3:38  Glial Reconstitution  
  40  3:43  Overlord  
  40  3:45  Drone  
  40  3:46  Drone  
  42  3:49  Extractor  
  42  3:52  Drone x3  
  44  4:01  Roach x3  
  44  4:02  Roach  
  52  4:14  Roach x2  
  52  4:15  Roach x2  
  52  4:16  Overlord  
  60  4:24  Overlord x2  
  60  4:36  Roach  
  60  4:37  Roach x3  
  68  4:47  Overseer  
  68  4:50  Roach x6  
  80  4:54  Roach  
  80  4:56  Roach  
  80  4:58  Overlord  
  84  5:10  Hatchery  
  83  5:22  Drone x7  
  83  5:24  Drone  
  91  5:29  Overlord  
  91  5:30  Overlord  
  91  5:36  Overlord  
  91  5:40  Zerg Missile Weapons Level 2  
  89  5:49  Drone x3  
  92  5:53  Ravager  
  92  5:54  Ravager x3  
  92  5:56  Drone x2  
  98  6:00  Queen  
  100  6:04  Roach x2  
  86  6:21  Roach x6  
  86  6:25  Roach  
  90  6:31  Roach x2  
  94  6:35  Roach x3  
  100  6:40  Roach  
  100  6:43  Extractor  
  100  6:44  Extractor  
  100  6:45  Roach x2  
  102  6:49  Drone x4  
  106  6:56  Roach x2  
  110  7:04  Overseer  
  110  7:09  Drone x2  
  110  7:10  Drone x2  
  110  7:12  Overlord x5  
  110  7:14  Overlord  
  114  7:18  Overlord  
  114  7:32  Roach x6  
  126  7:39  Roach  
  126  7:40  Roach x4  
  136  7:50  Roach x8  
  152  8:02  Overlord  
  152  8:03  Overlord x2  
  152  8:13  Overlord  
  152  8:14  Tunneling Claws  
  152  8:15  Burrow  
  152  8:20  Extractor, Overlord  
  152  8:21  Overlord  
  152  8:24  Ravager x5  
  152  8:27  Roach x2  
  162  8:34  Roach x4  
  168  8:42  Roach x2  
  168  8:43  Roach x2  
  175  8:48  Roach x3  
  175  8:49  Roach x2  
  173  9:00  Roach x6  
  168  9:08  Roach x4  
  163  9:12  Roach x18  
  133  9:17  Roach x4  
  133  9:19  Roach x14  
  133  9:20  Roach x3  
  133  9:21  Roach  
  133  9:22  Roach  
  111  9:34  Roach x6  
  112  9:39  Roach x13  
  112  9:42  Roach  
  112  9:43  Roach x3  
  103  9:47  Roach x14  
  103  9:51  Roach  

Tags
 
Add a new tag
Caveats
  • Supply blocks, unpowered buildings, or Contaminate may cause inaccurate times.
  • Supply counts are checked every 10 seconds.